 Dungeon Crawl Stone Soup version 0.27.0-66-gdc8fb28755 (webtiles) character file.

Game seed: 14703754607912054069

6993 robertstho the Grappler (level 10, -16/100 HPs)
             Began as a Troll Delver on Aug 19, 2021.
             Was a Believer of Trog.
             Killed by refrigeration
             ... invoked by Fannar
              (39 damage)
             ... on level 10 of the Dungeon.
             The game lasted 00:12:56 (8156 turns).

robertstho the Grappler (Troll Delver)              Turns: 8156, Time: 00:12:57

Health: -16/100    AC:  4    Str: 22 (23) XL:     10   Next: 81%
Magic:  9/9        EV: 12    Int:  6      God:    Trog [**....]
Gold:   461        SH:  0    Dex: 19      Spells: 9/9 levels left

rFire    + . .     SeeInvis .     - Unarmed
rCold    x . .     Faith    .   (no shield)
rNeg     . . .     Spirit   .   a - +0 robe
rPois    .         Reflect  .   (helmet restricted)
rElec    .         Harm     .   (no cloak)
rCorr    .         Rampage  .   (gloves unavailable)
Will     .....                  (boots unavailable)
Stlth    +++.......             (no amulet)
HPRegen  1.26/turn              i - ring of fire
MPRegen  0.11/turn              r - +6 ring of dexterity

@: no status effects
A: large, unfitting armour, claws 3, regeneration 1, shaggy fur 1, tough skin 1,
agile 1, weak 1, subdued magic 1
a: Renounce Religion, Berserk, Trog's Hand


You were on level 10 of the Dungeon.
You worshipped Trog.
Trog was pleased with you.
You visited 2 branches of the dungeon, and saw 11 of its levels.

You collected 461 gold pieces.

Inventory:

Hand Weapons
 s - a +1 spear of venom
Armour
 a - a +0 robe (worn)
Jewellery
 i - a ring of fire (left claw)
 r - a +6 ring of dexterity (right claw)
Wands
 f - a wand of digging (3)
 u - a wand of iceblast (20)
 x - a wand of mindburst (2)
Scrolls
 b - 2 scrolls of fog
 c - 2 scrolls of magic mapping
 d - 4 scrolls of teleportation
 g - 2 scrolls of blinking
 h - 2 scrolls of enchant armour
 j - a scroll of holy word
 m - 2 scrolls of immolation
 o - 3 scrolls of enchant weapon
 p - a scroll of noise {unknown}
 y - a scroll of torment
Potions
 e - 3 potions of attraction
 k - 2 potions of lignification
 l - a potion of resistance
 n - a potion of heal wounds {unknown}
 q - 2 potions of degeneration
 t - a potion of invisibility
 w - 2 potions of haste


   Skills:
 * Level 6.7 Fighting
 * Level 5.9 Armour
 + Level 5.1 Dodging
 + Level 4.8 Stealth
 + Level 10.1 Unarmed Combat


You had 9 spell levels left.
You didn't know any spells.
Your spell library contained the following spells:

 Spells                   Type           Power      Damage    Failure   Level
 Foxfire                  Conj/Fire      0%         2x1d4     41%         1
 Conjure Flame            Conj/Fire      0%         6-21      80%         3
 Gell's Gravitas          Tloc           0%         N/A       80%         3
 Inner Flame              Hex/Fire       0%         N/A       80%         3
 Lesser Beckoning         Tloc           0%         N/A       80%         3
 Teleport Other           Tloc           0%         N/A       80%         3


Dungeon Overview and Level Annotations

Branches:
Dungeon (10/15)            Temple (1/1) D:5
   Lair: D:8-11         Orc: D:9-12

Altars:
Ashenzari
Cheibriados
Dithmenos
Elyvilon
Fedhas
Gozag
Hepliaklqana
Kikubaaqudgha
Makhleb
Nemelex Xobeh
Okawaru
Qazlal
Ru
Sif Muna
Trog
Uskayaw
Vehumet
Wu Jian
Xom
Zin
The Shining One

Annotations:
D:9 exclusion: obsidian statue
D:10 Fannar


Innate Abilities, Weirdness & Mutations

You are too large for most types of armour.
You have claws for hands.
Your natural rate of healing is unusually fast.
You are covered in fur. (AC +1)
You have tough skin. (AC +1)
You are agile. (Dex +2)
You are weak. (Str -2)
Your spells are a little easier to cast, but a little less powerful.


Message History

Fannar resists with almost no effort.
Fannar zaps a wand.
You hear a grinding noise.
Unknown command.
Aiming: Mindburst
Press: ? - help, Shift-Dir - straight line, f/p - Fannar
Aim: Fannar, wielding a staff of cold, wearing a +1 robe of cold resistance and carrying a wand of digging (2) (chance to affect: 16%) Fannar resists with almost no effort.
Unknown command.
Aiming: Mindburst
Press: ? - help, Shift-Dir - straight line, f/p - Fannar
Aim: Fannar, wielding a staff of cold, wearing a +1 robe of cold resistance and carrying a wand of digging (2) (chance to affect: 16%) Fannar resists with almost no effort.
Fannar mumbles some strange words.
Fannar drains the heat from the surrounding environment!
You feel a terrible chill!
Aiming: Mindburst
Press: ? - help, Shift-Dir - straight line, f/p - Fannar
Aim: Fannar, wielding a staff of cold, wearing a +1 robe of cold resistance and carrying a wand of digging (2) (chance to affect: 16%) Fannar resists with almost no effort.
Fannar gestures wildly while chanting.
Unknown command.
Aiming: Mindburst
Press: ? - help, Shift-Dir - straight line, f/p - Fannar
Aim: Fannar, wielding a staff of cold, wearing a +1 robe of cold resistance and carrying a wand of digging (2) (chance to affect: 16%) Fannar resists with almost no effort.
Unknown command.
Aiming: Mindburst
Press: ? - help, Shift-Dir - straight line, f/p - Fannar
Aim: Fannar, wielding a staff of cold, wearing a +1 robe of cold resistance and carrying a wand of digging (2) (chance to affect: 16%) Fannar resists with almost no effort.
Fannar mumbles some strange words.
Fannar drains the heat from the surrounding environment!
You feel a terrible chill!
Ouch! That really hurt!
* * * LOW HITPOINT WARNING * * *
Unknown command.
Fannar mumbles some strange words.
Fannar drains the heat from the surrounding environment!
You feel a terrible chill!
You die...

##..........
#.......Y...#
#...<./.....#
#.#+#####Y.#
#e. #.#
#########.#
.........#
#######.@#
#<# #.#.#
#.##.##.#
#.#####.#
#.......#
#########


You could see Fannar and an ice beast (summoned, wandering).

Vanquished Creatures
  2 two-headed ogres (D:9)
  Pikel (D:5)
  A hornet (D:9)
  Prince Ribbit (D:6)
  A shadow (D:9)
  Sigmund (D:3)
  A wraith (D:9)
  3 yaks (D:8)
  A steam dragon (D:8)
  3 water moccasins
  4 orc warriors
  2 black bears (D:6)
  2 ogres (D:5)
  2 lemures (D:5)
  3 phantoms
  6 kobold brigands
  Blork the orc (D:5)
  5 bullfrogs
  A gnoll sergeant (D:4)
  5 scorpions
  A water moccasin zombie (D:5)
  A water moccasin skeleton (D:5)
  5 wights (D:9)
  An electric eel (D:8)
  2 centaur zombies
  A crimson imp (D:6)
  4 orc priests
  8 hounds
  3 jellies
  2 iguanas
  A scorpion zombie (D:5)
  8 orc wizards
  A howler monkey zombie (D:9)
  3 gnolls
  A howler monkey skeleton (D:5)
  13 adders
  A shadow imp (D:7)
  A white imp (D:6)
  A worm (D:3)
  2 dart slugs
  33 orcs
  4 endoplasms
  5 goblins
  16 hobgoblins
  6 jackals
  32 kobolds
  4 quokkas
  12 ball pythons
  6 bats
  4 frilled lizards
  4 rats
232 creatures vanquished.

Vanquished Creatures (others)
  7 plants
7 creatures vanquished.

Grand Total: 239 creatures vanquished

Notes
Turn   | Place    | Note
-------+----------+-------------------------------------------
     0 | D:5      | robertstho the Troll Delver began the quest for the Orb.
     0 | D:5      | Reached XP level 1. HP: 22/22 MP: 0/0
    41 | D:5      | Noticed a phantom
    55 | D:5      | Found a staircase to the Ecumenical Temple.
    82 | D:4      | Noticed a hound
    89 | D:4      | Killed a phantom
    90 | D:4      | Reached skill level 1 in Armour
    90 | D:4      | Reached XP level 2. HP: 29/29 MP: 1/1
    90 | D:4      | Reached XP level 3. HP: 36/36 MP: 2/2
    90 | D:4      | Reached XP level 4. HP: 44/44 MP: 3/3
   144 | D:4      | Reached XP level 5. HP: 50/53 MP: 4/4
   175 | D:4      | Found an opulent altar of Gozag.
   222 | D:3      | Noticed a phantom
   234 | D:3      | Killed a phantom
   277 | D:3      | Reached XP level 6. HP: 39/61 MP: 5/5
   313 | D:3      | Reached skill level 3 in Unarmed Combat
   578 | D:3      | Noticed Sigmund
   951 | D:2      | Found a faded altar of an unknown god.
  1896 | D:1      | Noticed an anaconda
  1896 | D:1      | Noticed a lindwurm
  1897 | D:1      | Noticed a rime drake
  2138 | D:3      | Killed Sigmund
  2139 | D:3      | Reached XP level 7. HP: 49/68 MP: 6/6
  2257 | D:3      | Reached skill level 4 in Unarmed Combat
  3295 | D:5      | Noticed Pikel
  3316 | D:5      | Killed Pikel
  3317 | D:5      | Reached skill level 5 in Unarmed Combat
  3317 | D:5      | Reached XP level 8. HP: 13/79 MP: 7/7
  3460 | D:5      | Reached skill level 6 in Unarmed Combat
  3656 | Temple   | Entered the Ecumenical Temple
  3886 | Temple   | Became a worshipper of Trog the Wrathful
  4099 | D:5      | Noticed Blork the orc
  4109 | D:5      | Killed Blork the orc
  4180 | D:5      | Reached XP level 9. HP: 70/82 MP: 8/8
  4396 | D:5      | Reached skill level 5 in Fighting
  4396 | D:5      | Reached skill level 7 in Unarmed Combat
  4817 | D:6      | Found a hide-covered altar of Uskayaw.
  4842 | D:6      | Reached * piety under Trog
  5102 | D:6      | Noticed Prince Ribbit
  5109 | D:6      | Killed Prince Ribbit
  5119 | D:6      | Reached skill level 8 in Unarmed Combat
  5831 | D:7      | Found a glowing golden altar of the Shining One.
  6139 | D:7      | Reached ** piety under Trog
  6156 | D:7      | Reached XP level 10. HP: 94/98 MP: 9/9
  6377 | D:8      | Reached skill level 5 in Armour
  6506 | D:8      | Reached skill level 9 in Unarmed Combat
  6668 | D:8      | Found a hazy altar of Hepliaklqana.
  6708 | D:8      | Found a glowing silver altar of Zin.
  6717 | D:8      | You fall into a shaft and drop 1 floor!
  6846 | D:8      | Found a shadowy altar of Dithmenos.
  6925 | D:8      | Gained mutation: You are weak. (Str -2) [potion of
                  | mutation]
  6925 | D:8      | Gained mutation: Your spells are a little easier to cast,
                  | but a little less powerful. [potion of mutation]
  6925 | D:8      | Gained mutation: You are agile. (Dex +2) [potion of
                  | mutation]
  7076 | D:9      | Found an iron altar of Okawaru.
  7110 | D:9      | Noticed a two-headed ogre
  7116 | D:9      | Killed a two-headed ogre
  7206 | D:9      | Found a broken altar of Ashenzari.
  7483 | D:9      | Noticed an obsidian statue
  7655 | D:9      | Found a shimmering blue altar of Sif Muna.
  7773 | D:9      | Found a sparkling altar of Nemelex Xobeh.
  7833 | D:9      | Noticed a two-headed ogre
  7850 | D:9      | Killed a two-headed ogre
  7851 | D:9      | Reached skill level 5 in Dodging
  7851 | D:9      | Reached skill level 10 in Unarmed Combat
  7992 | D:10     | Entered Level 10 of the Dungeon
  7992 | D:10     | Noticed Fannar
  8156 | D:10     | Killed from afar by Fannar

Illustrated notes

Levels and vault maps discovered:
D:1:      onia_arrival_zoo_common, layout_loops_ring, minmay_shallow_snake_nest
D:2:      layout_basic, dreamdust_ecumenical_altar_angels_and_demons
D:3:      corexii_shack_village, layout_basic, minmay_hedge_maze,
          minmay_misc_feat_four_crosses, minmay_starry_boxes, uniq_sigmund
D:4:      layout_rooms, mainiacjoe_overflow_24_doors
D:5:      kennysheep_six_static_rooms, layout_basic, minmay_temple_entry_trees,
          uniq_blork_the_orc, uniq_pikel
D:6:      minmay_general_purpose_star, layout_gridville,
          mainiacjoe_overflow_alcove_2, minmay_fire_ice_demons,
          uniq_prince_ribbit1
D:7:      layout_rooms, lemuel_tele_altar
D:8:      layout_basic, overflow_temple_1_default, old_standard_altar,
          mainiacjoe_overflow_concentric_impassable, fountainhead
D:9:      layout_roguey, ashenzari_conservatory_becter,
          mainiacjoe_overflow_swirl, old_standard_altar, hangedman_decor_push,
          chequers_garden, minivault_16
D:10:     layout_basic, general_overflow_altar, lair_entry_dummy, uniq_erica,
          uniq_fannar
Temple:   minmay_temple_curvy_loop

Skill      XL: |  1  2  3  4  5  6  7  8  9 10 |
---------------+-------------------------------+-----
Armour         | 1 2 3 4 5 |  5.9
Stealth        | 3 4 |  4.8
Fighting       | 3 4 5 6 |  6.7
Dodging        | 2 3 4 5 |  5.1
Unarmed Combat | 3 5 6 8 10 | 10.1

Action                   |  1- 3 |  4- 6 |  7- 9 | 10-12 || total
-------------------------+-------+-------+-------+-------++-------
Melee: Unarmed           |    12 |   221 |   359 |   146 ||   738
       Punch             |       |     1 |    14 |     5 ||    20
Invok: Berserk           |       |       |     2 |     5 ||     7
Evoke: Wand              |       |       |       |     9 ||     9
  Use: Scroll            |     1 |     3 |       |     6 ||    10
       Potion            |       |     1 |     6 |     6 ||    13
 Stab: Sleeping          |       |    13 |    12 |       ||    25
       Distracted        |       |       |     1 |       ||     1
Armor: Robe              |     4 |    87 |    73 |    23 ||   187
       Skin              |       |       |       |    19 ||    19
Dodge: Dodged            |     2 |   125 |   147 |    81 ||   355
